 Dungeon Crawl Stone Soup version 0.29.1-1-gd02db6906a (webtiles) character file.

Game seed: 13675544943889668903

39 Romesagentofchaos the Covered (level 3, -1/33 HPs)
             Began as a Meteoran Fighter on Oct 21, 2022.
             Slain by Pikel
             ... wielding a +0 whip of freezing
              (8 damage)
             ... on level 4 of the Dungeon.
             The game lasted 00:07:23 (824 turns).

Romesagentofchaos the Covered (Meteoran Fighter)     Turns: 824, Time: 00:07:23

Health: -1/33      AC: 13    Str: 19 (20) XL:     3   Next: 94%
Magic:  4/4        EV:  5    Int:  9      God:
Gold:   132        SH:  5    Dex: 12 (13) Spells: 2/2 levels left

rFire   . . .      SeeInvis .   a - +0 flail
rCold   . . .      Faith    .   c - +0 buckler
rNeg    . . .      Spirit   .   j - +0 plate armour
rPois   .          Reflect  .   (no helmet)
rElec   .          Harm     .   p - +0 cloak
rCorr   .          Rampage  .   (no gloves)
Will    .....                   (no boots)
Stlth   ..........              (no amulet)
HPRegen 0.11/turn               (no ring)
MPRegen 0.09/turn               (no ring)

@: mighty, glowing
A: sense surroundings 1, otherworldly, glowing, explore regen
a: no special abilities


You were on level 4 of the Dungeon.
You visited 1 branch of the dungeon, and saw 3 of its levels.

You collected 132 gold pieces.

Inventory:

Hand Weapons
 a - a +0 flail (weapon)
Missiles
 e - 2 boomerangs (quivered)
Armour
 b - a +0 scale mail
 c - a +0 buckler (worn)
 j - a +0 plate armour (worn)
 p - a +0 cloak (worn)
Magical Staves
 i - a staff of cold
Scrolls
 f - a scroll of immolation
 g - a scroll of silence
 k - a scroll of blinking
 m - a scroll of magic mapping
Potions
 h - a potion of attraction
 n - a potion of berserk rage {unknown}
 o - a potion of haste {unknown}


   Skills:
 + Level 3.9 Fighting
 + Level 2.9 Maces & Flails
 + Level 4.2 Armour
 + Level 0.3 Dodging
 + Level 4.0 Shields


You had 2 spell levels left.
You didn't know any spells.
Your spell library contained the following spells:

 Spells                   Type           Power      Damage    Failure   Level
 Ensorcelled Hibernation  Hex/Ice        0%         N/A       100%        2
 Spider Form              Tmut/Pois      0%         N/A       100%        3
 Anguish                  Hex/Necr       0%         N/A       100%        4


Dungeon Overview and Level Annotations

Branches:
Dungeon (2/15) Zot: 936

Altars:

Annotations:
D:4 Pikel


Innate Abilities, Weirdness & Mutations

You passively map a small area around you.
You are easily found by Zot.
You glow in the dark.
You regain HP and MP as you explore.


Message History

Pikel drinks a potion.
Pikel is healed!
Pikel hits you but does no damage.
You hit Pikel but do no damage.
Pikel is moderately wounded.
Pikel hits you with a +0 whip of freezing.
Pikel freezes you.
You barely miss Pikel.
Pikel is moderately wounded.
Pikel says, "Hell isn't that bad."
Pikel hits you but does no damage.
You barely miss Pikel.
Pikel is moderately wounded.
You block Pikel's attack.
You sock Pikel!
Pikel is heavily wounded.
Pikel hits you but does no damage. You block Pikel's attack.
You miss Pikel.
Pikel is heavily wounded.
Pikel hits you but does no damage.
You hit Pikel but do no damage.
Pikel is heavily wounded.
Pikel hits you but does no damage.
You hit Pikel but do no damage.
Pikel is heavily wounded.
Pikel hits you but does no damage.
Pikel hits you with a +0 whip of freezing.
Pikel freezes you.
You closely miss Pikel.
Pikel is heavily wounded.
Pikel hits you with a +0 whip of freezing!
Pikel freezes you.
* * * LOW HITPOINT WARNING * * *
You feel very mighty all of a sudden. Pikel hits you but does no damage.
You barely miss Pikel.
Pikel is heavily wounded.
Pikel barely misses you.
You hit Pikel.
Pikel is heavily wounded.
Pikel hits you with a +0 whip of freezing!
You die...

, * * *...# *
...# *...#
...# * ...# ,
...#*
#######...## ,
*
#...@K55...+,
*
#.#####...##,,
#.# *#### , ,
#.# , #.# ,, *
#.# ,* , #.#
#.#, ,+ #.#, *


You could see Pikel and 2 lemures.

Vanquished Creatures
  2 lemures (D:4)
  An adder (D:2)
  A worm (D:2)
  A ball python (D:1)
  4 endoplasms
  2 giant cockroaches (D:1)
  A goblin (D:2)
  3 hobgoblins
  2 jackals (D:2)
  5 bats
  A kobold (D:1)
  4 rats
27 creatures vanquished.

Notes
Turn   | Place    | Note
-------+----------+-------------------------------------------
     0 | D:1      | Romesagentofchaos the Meteoran Fighter began the quest for
                  | the Orb.
     0 | D:1      | Reached XP level 1. HP: 19/19 MP: 2/2
   106 | D:1      | Reached XP level 2. HP: 26/26 MP: 3/3
   483 | D:2      | Reached XP level 3. HP: 18/31 MP: 4/4
   753 | D:2      | You fall into a shaft and drop 2 floors!
   773 | D:4      | Noticed a lemure
   775 | D:4      | Noticed a lemure
   786 | D:4      | Killed a lemure
   796 | D:4      | Killed a lemure
   798 | D:4      | Noticed a lemure
   799 | D:4      | Noticed Pikel
   800 | D:4      | Noticed a lemure
   824 | D:4      | Slain by Pikel

Illustrated notes

Levels and vault maps discovered:
D:1:      saegor_arrival_simple_d, layout_rooms, grunt_decor_junction
D:2:      layout_basic, grunt_ministairs_14, uniq_terence, uniq_robin
D:4:      layout_basic, grunt_qazlal_clouds, minmay_temple_entry_fiery,
          serial_shops, nicolae_shop_crystal, nicolae_stop_n_shop_2,
          nicolae_shop_self_help, uniq_menkaure, uniq_sigmund, uniq_pikel

Skill      XL: |  1  2  3 |
---------------+----------+-----
Shields        | 4 |  4.0
Armour         | 4 |  4.2
Fighting       | |  3.9
Maces & Flails | |  2.9
Dodging        | |  0.3

Action                   || total
-------------------------++-------
Melee: Flail             ||   127
  Use: Scroll            ||     7
       Potion            ||     3
Armor: Scale mail        ||    29
       Plate armour      ||    62
Dodge: Dodged            ||    36
Block: Buckler           ||    37
